[Event "*** SCC Grand Prix: Titled Tuesday Blitz"]
[Site "Chess.com"]
[Date "2020.06.23"]
[Round "4"]
[White "Lector118"]
[Black "davidkalashian"]
[Result "0-1"]
[WhiteElo "2443"]
[BlackElo "2647"]
[TimeControl "180+1"]
[EndTime "10:41:23 PDT"]
[Termination "davidkalashian won by resignation"]

1. d4 Nf6 2. c4 e6 3. g3 d5 4. Bg2 Be7 5. Nf3 O-O 6. O-O dxc4 7. Qc2 a6 8. a4 Bd7 9. Rd1 Bc6 10. Nc3 Nbd7 11.
e4 b5 12. d5 exd5 13. e5 Ne8 14. Nxd5 Bxd5 15. Rxd5 c6 16. Rd1 Qc7 17. Bf4 Nb6 18. axb5 axb5 19. Rxa8 Nxa8 20. e6 Qc8 21. exf7+ Rxf7 22. Ne5 Rf6 23. Nxc6 Rxc6 24. Bd5+ Kh8 25. Re1 Bb4 26. Re3 Nf6 27. Bxc6 Qxc6 28. Qe2 Bc5 29. Re6 Qd7 30. g4 Nb6 31. g5 Ng8 32. Re8 Nd5 33. Bg3 Bd6 34. Bxd6 Qxd6 35. Rxg8+ Kxg8 36. Qe8+ Qf8 37. Qe6+ Qf7 38. Qc8+ Qf8 39. Qe6+ Kh8 40. Qxd5 Qb8 41. Qd4 Qc7 42. Qe4 Qb8 43. Qd5 Qf8 44.
Qxb5 Qd8 45. Qxc4 Qxg5+ 46. Kf1 h6 47. b4 Qe5 48. b5 Qxh2 49. Ke2 Qh5+ 50. Kd3 Qe8 51.
b6 Qd8+ 52. Qd4 Qc8 53. Qd5 Qa6+ 54. Kd4 Qxb6+ 55. Ke5 Qf6+ 56. Ke4 Kh7 57. f4 Qg6+ 58.
f5 Qf6 59. Kf4 Qg5+ 60. Ke4 Qf6 61. Kf4 h5 62. Qd7 Qh6+ 63. Kg3 Qf6 64. Kh3 Qg5 65.
Qe6 Qg4+ 66. Kh2 h4 67. Kh1 h3 68. Qd5 Qg3 69. f6 Qe1+ 70. Kh2 Qf2+ 71. Kxh3 Qxf6 72. Kg2 Qg6+ 73. Kh3 Kh6 74. Kh2 Qh5+ 75. Qxh5+ Kxh5 76. Kh3 Kg5 77. Kg3 g6 78. Kh3 Kf4 79. Kg2 Kg4 80. Kf2 0-1

[Event "*** SCC Grand Prix: Titled Tuesday Blitz"]
[Site "Chess.com"]
[Date "2020.06.23"]
[Round "4"]
[White "jaskol95"]
[Black "Arman_Hakemi"]
[Result "0-1"]
[WhiteElo "2399"]
[BlackElo "2578"]
[TimeControl "180+1"]
[EndTime "10:41:24 PDT"]
[Termination "Arman_Hakemi won by resignation"]

1. d4 Nf6 2. c4 e6 3. Nf3 b6 4. g3 Ba6 5. Qc2 Bb4+ 6. Bd2 Be7 7. Bg2 c6 8. O-O d5 9. b3 O-O 10. Ne5 Qc8 11. Nc3 Nbd7 12. Bg5 h6 13. Nxd7 Qxd7 14.
Bxf6 Bxf6 15. cxd5 cxd5 16. Rfd1 Rac8 17. Rac1 Rc7 18. e3 Rfc8 19. Qd2 Be7 20. Ne2 Ba3 21.
Rxc7 Qxc7 22. Bf1 Qc2 23. Kg2 Qe4+ 24. f3 Qg6 25. Nf4 Bxf1+ 26. Kxf1 Qc2 27. Nd3 h5 28. Ke2 Qc7 29. Nf4 g6 30. Qd3 Bb4 31. Nxg6 Qc2+ 32. Qxc2 Rxc2+ 33. Kd3 Rc3+ 34. Kd2 fxg6 35.
a3 Ba5 36. b4 Rxa3 37. bxa5 Rxa5 38. Rc1 Kf7 39. Rc7+ Kf6 40. e4 dxe4 41. fxe4 Ra2+ 42. Ke3 a5 43. h4 g5 44. hxg5+ Kxg5 45. Rg7+ Kf6 46.
Rb7 Rb2 47. Kf4 a4 48. e5+ Kg6 49. Re7 a3 50. Rxe6+ Kf7 51. Rc6 a2 52. Rc7+ Ke6 53. Ra7 Kd5 54. Rd7+ Kc4 55. Ra7 Kxd4 56. e6 Re2 57. e7 b5 58. e8=Q Rxe8 59. Rxa2 b4 60. Ra5 Rf8+ 61. Kg5 Rg8+ 62. Kh4 b3 63. Rb5 Kc3 64.
Rxh5 Rb8 65. Rc5+ Kd2 66. Rd5+ Ke3 67. Re5+ Kd4 68. Re1 b2 69. Rb1 Kc3 70. g4 Kc2 71.
Rxb2+ Kxb2 72. g5 Kc3 73. g6 Kd4 74. Kg5 Ke5 75. g7 Rg8 76. Kg6 Ke6 77. Kh6 Kf7 78. Kh7 Rxg7+ 79. Kh8 Rg1 0-1

[Event "*** SCC Grand Prix: Titled Tuesday Blitz"]
[Site "Chess.com"]
[Date "2020.06.23"]
[Round "4"]
[White "BillieKimbah"]
[Black "Zurability"]
[Result "1-0"]
[WhiteElo "2859"]
[BlackElo "2682"]
[TimeControl "180+1"]
[EndTime "10:41:28 PDT"]
[Termination "BillieKimbah won on time"]

1. d4 Nf6 2. Nf3 e6 3. Bg5 d5 4.
e3 Be7 5. Nbd2 b6 6. c3 Bb7 7. Bd3 Nbd7 8. Qe2 Ne4 9. Bxe7 Qxe7 10. O-O O-O 11. Ne5 Nxe5 12. dxe5 Nc5 13. f4 Nxd3 14.
Qxd3 f6 15. Nf3 f5 16. h3 c5 17. Kh2 Rad8 18. Rf2 Rd7 19. Rd1 h6 20. Rg1 Qd8 21. Rd1 Qa8 22. Nh4 Qe8 23. Nf3 Qh5 24. b4 Rc8 25.
bxc5 bxc5 26. Rb1 Qf7 27. Rbb2 Qe7 28. Qb1 d4 29. exd4 Be4 30. Qe1 Bxf3 31. Rxf3 cxd4 32.
cxd4 Rxd4 33. Qg3 Kh7 34. Rfb3 Rd7 35. a4 Rc4 36. a5 Ra4 37. h4 Rxa5 38. Rb8 Rad5 39.
h5 Qf7 40. Qg6+ Qxg6 41. hxg6+ Kxg6 42. Re8 Kf7 43. Rbb8 Re7 44. Rf8+ Kg6 45. Ra8 Rd4 46. g3 Rd2+ 47. Kh3 Kh5 48. Rg8 g5 49. fxg5 hxg5 50. Rh8+ Kg6 51. Rhg8+ Rg7 52. Rxg7+ Kxg7 53. Rxa7+ Kg6 54. g4 Rd3+ 55. Kg2 f4 56. Re7 Rg3+ 57. Kf2 Rxg4 58. Rxe6+ Kf5 59. Re8 Rg3 60. e6 Re3 61. e7 Kf6 62. Rf8+ Kxe7 63. Rf5 Rg3 64. Kf1 Ke6 65.
Rf8 Re3 66. Kf2 Re5 67. Kf3 Ke7 68. Rg8 Re3+ 69. Kg4 Rg3+ 70. Kf5 f3 71. Ke4 g4 72. Ke3 Rg2 73. Rg5 Kf6 74. Rg8 Kf5 75. Rf8+ Kg5 76. Rg8+ Kh4 77. Kf4 Kh5 78. Kf5 Kh6 79. Kf6 Kh7 80.
Rg7+ Kh8 81. Kg6 f2 82. Ra7 1-0

[Event "*** SCC Grand Prix: Titled Tuesday Blitz"]
[Site "Chess.com"]
[Date "2020.06.23"]
[Round "4"]
[White "Indianlad"]
[Black "SantoBlue"]
[Result "0-1"]
[WhiteElo "2962"]
[BlackElo "2802"]
[TimeControl "180+1"]
[EndTime "10:41:33 PDT"]
[Termination "SantoBlue won by checkmate"]

1. d4 d6 2. e4 Nf6 3. Nc3 e5 4. Nf3 Nbd7 5. Bc4 Be7 6. O-O O-O 7. Re1 c6 8. a4 h6 9. b3 Re8 10. Bb2 Bf8 11. h3 Rb8 12. Bd3 exd4 13. Nxd4 Ne5 14.
Bf1 a5 15. Qd2 Ng6 16. Rad1 Bd7 17. g3 Qb6 18. Bg2 Rbd8 19. Kh2 Bc8 20. f4 Qc7 21. Nf3 d5 22. e5 Ne4 23. Qe3 Bc5 24. Nd4 Nxc3 25.
Bxc3 Qb6 26. Qd2 Bb4 27. Bxb4 axb4 28. Qd3 Ne7 29. e6 f6 30. f5 Qc7 31. Qf3 b6 32. Qh5 Rf8 33. Rf1 c5 34. Nf3 d4 35. Nh4 Bb7 36. Ng6 Bxg2 37. Nxe7+ Qxe7 38. Kxg2 Rd5 39. Qf3 Rfd8 40. Rfe1 R8d6 41. g4 Qe8 42. Re4 Rd8 43. Rd3 Kh7 44. h4 R5d6 45. Kg1 c4 46. bxc4 Qxa4 47.
g5 Qxc2 48. e7 Re8 49. gxh6 Qc1+ 50. Kh2 Qxh6 51. Qg3 Rd7 52. Qe1 Qh5 53. Rg3 d3 54.
Qd2 Rexe7 55. Rxe7 Rxe7 56. Qxd3 Re5 57. Kh3 Qxf5+ 58.
Qxf5+ Rxf5 59. Rb3 Rh5 60. Rxb4 g5 61. Rxb6 Rxh4+ 62.
Kg3 Kg6 63. c5 Rc4 64. Rc6 Kf5 65. Rc8 Rc3+ 66. Kg2 Kg4 67. c6 f5 68. c7 f4 69.
Kf2 Rc2+ 70. Ke1 f3 71. Kd1 Rc6 72. Ke1 Kg3 73. Rg8 f2+ 74. Ke2 Re6+ 75. Kd2 f1=Q 76.
Rxg5+ Kf4 77. c8=Q Qe2+ 78. Kc3 Re3+ 79. Kb4 Qb2+ 80.
Ka5 Ra3# 0-1

[Event "*** SCC Grand Prix: Titled Tuesday Blitz"]
[Site "Chess.com"]
[Date "2020.06.23"]
[Round "4"]
[White "abubakrtagelsir"]
[Black "AttilaTurzo"]
[Result "0-1"]
[WhiteElo "2330"]
[BlackElo "2494"]
[TimeControl "180+1"]
[EndTime "10:41:33 PDT"]
[Termination "AttilaTurzo won on time"]

1. c3 Nf6 2. d4 g6 3. g3 Bg7 4.
Bg2 d5 5. Nh3 O-O 6. O-O b6 7. Bg5 Bb7 8. Nd2 c5 9. Re1 Nbd7 10. a4 h6 11. Bxf6 Nxf6 12. a5 Qc7 13. Nf4 e5 14. dxe5 Qxe5 15. axb6 axb6 16. Rxa8 Bxa8 17.
Qb3 Qd6 18. c4 d4 19. Bxa8 Rxa8 20. Qf3 Re8 21. Ra1 g5 22. Nd3 Qe6 23. Ra8 Rxa8 24.
Qxa8+ Kh7 25. Kf1 Qh3+ 26. Kg1 Qe6 27. Kf1 Kg6 28. Qb8 Ng4 29. h3 Ne5 30. Kg2 Nd7 31.
Qb7 f5 32. Nf3 Bf6 33. Nc1 g4 34. hxg4 fxg4 35. Ng1 h5 36. Nd3 Bg5 37. f4 Bf6 38.
Qc7 h4 39. gxh4 Qf5 40. Qd6 Qe4+ 41. Kf1 Qf5 42. Kg2 Kh5 43. Kf1 Bxh4 44. Ne5 Nxe5 45. Qxe5 Qxe5 46. fxe5 Kg5 47. e3 dxe3 48. Ne2 Kf5 49. Nc3 Kxe5 50. Nd5 Bd8 51. Nxe3 Kd4 52. Nxg4 Kxc4 53. Ke2 Kb3 54. Ne5 Kxb2 55. Kd3 Kb3 56. Nc6 Bc7 57. Na7 Kb4 58. Nc6+ Kb5 59. Ne7 c4+ 60. Kc2 Be5 61. Nd5 Kc5 62. Nc7 b5 63.
Ne6+ Kd5 64. Ng5 b4 65. Nf3 b3+ 66. Kd2 Ke4 67. Ng5+ Kf5 68. Nf3 Kf4 69. Ne1 Ke4 70. Ke2 c3 0-1

[Event "*** SCC Grand Prix: Titled Tuesday Blitz"]
[Site "Chess.com"]
[Date "2020.06.23"]
[Round "4"]
[White "petrkostenko"]
[Black "ChessQueen"]
[Result "1/2-1/2"]
[WhiteElo "2509"]
[BlackElo "2698"]
[TimeControl "180+1"]
[EndTime "10:41:35 PDT"]
[Termination "Game drawn - insufficient material"]

1. e4 c6 2. d4 d5 3. exd5 cxd5 4. Bd3 Nc6 5. c3 g6 6. Bf4 Nf6 7. Nf3 Bf5 8. Bxf5 gxf5 9. O-O e6 10. Nbd2 Bd6 11.
Bxd6 Qxd6 12. Qe2 O-O-O 13. Ne5 Ng4 14. Nxg4 fxg4 15. Qxg4 Rdg8 16. Qf3 f5 17. Rfe1 Rg6 18. Kh1 h5 19. Re2 h4 20. Rg1 Rhg8 21. Nb3 b6 22.
Nc1 Kb7 23. Nd3 Rg4 24. Qe3 Re4 25. Qd2 Reg4 26. f3 R4g7 27. Qf4 Qd7 28. Qxh4 Rh7 29.
Qf4 Rgh8 30. g3 Qf7 31. Qe3 Qh5 32. Rgg2 Re8 33. Nf4 Qf7 34. Nd3 Nd8 35. Ne5 Qh5 36. Kg1 Rg8 37. Qf4 Qe8 38. a3 Qa4 39. Re1 Rhg7 40.
Qd2 Qe8 41. Qe2 Rf8 42. Nd3 Qh5 43. Nf4 Qh6 44. Qe5 Rf6 45. Qd6 Qh8 46. Qe5 Qh6 47. a4 Rd7 48. b4 Nc6 49. Qe3 Re7 50. Nd3 Qxe3+ 51. Rxe3 Nd8 52. Rf2 Rc7 53. Nf4 a5 54. bxa5 bxa5 55. Rb2+ Ka6 56. Rb8 Nb7 57. Rxe6+ Rxe6 58. Nxe6 Rxc3 59. Kf2 Rc4 60. Ke3 Ka7 61. Rd8 Rxa4 62. Rxd5 Ra2 63. h4 a4 64. Rd7 Kb6 65.
Nc5 Nxc5 66. dxc5+ Kxc5 67. Kf4 a3 68. Ra7 Kb4 69. Kxf5 Rc2 70. h5 Rc5+ 71. Ke4 Ra5 72.
Rb7+ Kc3 73. Rb1 Rxh5 74. g4 Ra5 75. f4 a2 76. Ra1 Kb2 77. Rxa2+ Kxa2 78. g5 Kb3 79. f5 Kc4 80. g6 Ra1 81. f6 Re1+ 82.
Kf5 Kd5 83. g7 Rf1+ 84. Kg6 Rg1+ 85. Kf7 Ke5 86. g8=Q Rxg8 87. Kxg8 Kxf6 1/2-1/2

[Event "*** SCC Grand Prix: Titled Tuesday Blitz"]
[Site "Chess.com"]
[Date "2020.06.23"]
[Round "4"]
[White "vugarrasulov"]
[Black "Munkhzul_Turmunkh"]
[Result "1/2-1/2"]
[WhiteElo "2804"]
[BlackElo "2627"]
[TimeControl "180+1"]
[EndTime "10:41:42 PDT"]
[Termination "Game drawn by repetition"]

1. d4 Nf6 2. c4 e6 3. Nf3 d5 4. g3 Be7 5. Bg2 O-O 6. O-O dxc4 7. Qc2 a6 8. a4 Bd7 9. Qxc4 Bc6 10. Bg5 Bd5 11. Qc2 Be4 12. Qc1 h6 13. Bxf6 Bxf6 14. Nc3 Bxf3 15. Bxf3 c6 16. Rd1 a5 17. e4 Bxd4 18. Ne2 e5 19. Nxd4 exd4 20. Qc5 Na6 21.
Qxd4 Qxd4 22. Rxd4 Rad8 23. Rad1 Rxd4 24. Rxd4 Nc5 25.
Bd1 Re8 26. Bc2 Kf8 27. f3 Ke7 28. Kf2 Rd8 29. Rxd8 Kxd8 30. Ke3 Ke7 31. e5 Ke6 32. Kd4 b6 33. f4 g6 34. g4 g5 35. f5+ Ke7 36.
Bd1 Kd7 37. b3 Ke7 38. b4 Nb7 39. f6+ Kd7 40. Bb3 Ke8 41. bxa5 Nxa5 42. Bd1 Kd7 43. Ke4 Nc4 44. Kd4 Na5 45. Bc2 Nb7 46. Bf5+ Kd8 47.
Kc4 Na5+ 48. Kb4 Nb7 49. Bh7 Kd7 50. Bf5+ Kd8 51. e6 fxe6 52. Bxe6 Ke8 53. Ba2 Nd6 54. a5 c5+ 55. Ka4 bxa5 56. Kxa5 c4 57. Kb4 Ne4 58.
Kxc4 Nxf6 59. h3 Ke7 60. Kd4 Nd7 61. Kd5 Kf6 62. Kd4 Ne5 63. Ke4 Ng6 64. Bc4 Nf4 65.
Bf1 Kg6 66. Ke5 h5 67. gxh5+ Kxh5 68. Ke4 Kh4 69. Kf5 Nh5 70. Kg6 Ng3 71. Bg2 Ne2 72. Bf1 Nf4+ 73. Kf5 Nh5 74. Kg6 Ng3 75. Bg2 Ne2 76.
Bf1 Nd4 77. Kf6 Nf3 78. Kg6 Nd2 79. Bg2 Nc4 80. Kf6 Ne3 81. Bf3 Nc2 82. Bg2 Ne1 83. Bf1 Nf3 84. Kg6 Ne5+ 85. Kf5 Nf3 86. Kg6 1/2-1/2

[Event "*** SCC Grand Prix: Titled Tuesday Blitz"]
[Site "Chess.com"]
[Date "2020.06.23"]
[Round "4"]
[White "IwkooO"]
[Black "MartinMatthiesen"]
[Result "1-0"]
[WhiteElo "2515"]
[BlackElo "2338"]
[TimeControl "180+1"]
[EndTime "10:41:50 PDT"]
[Termination "IwkooO won by resignation"]

1. e4 e5 2. Nf3 Nc6 3. Bb5 a6 4. Ba4 Nf6 5. O-O Be7 6. Re1 b5 7. Bb3 O-O 8. h3 Bb7 9. d3 d6 10.
c3 Na5 11. Bc2 c5 12. Nbd2 Nc6 13. Nf1 Re8 14. Ng3 g6 15. a3 Bf8 16. b4 Bg7 17. Bb3 cxb4 18. axb4 d5 19. Be3 h6 20.
Qd2 Kh7 21. Bc5 Qd7 22. Qa2 Nd8 23. Bb6 Rc8 24. Rac1 Qc6 25. Ba5 Qd7 26. Re2 d4 27.
Bxd8 Rcxd8 28. Bxf7 Re7 29. Bb3 dxc3 30. Rxc3 Ne8 31. Nh4 Nc7 32. Qc2 Ne6 33. Bxe6 Qxe6 34. Rc7 Rxc7 35. Qxc7 Rd7 36. Qc3 Qf6 37. Nf3 Qd6 38.
Rd2 Rc7 39. Qb2 Bf8 40. Kh2 Qxb4 41. Nxe5 Qxb2 42. Rxb2 Bg7 43. d4 Bxe5 44. dxe5 Re7 45. f4 g5 46. Nf5 Re6 47. g3 Bxe4 48. Nd4 Re7 49. Rb4 gxf4 50. gxf4 Bd5 51. Nf5 Rc7 52. Ne3 Bb7 53. f5 Rc3 54. Ng4 Rc2+ 55. Kg3 Rc5 56.
Kf4 a5 57. Rb2 Rc4+ 58. Ke3 b4 59. Rd2 Rc3+ 60. Kf4 Rc4+ 61. Kg3 Rc3+ 62. Kh4 Rc7 63. Nf6+ Kg7 64. Ne8+ Kf8 65. Nxc7 Be4 66. Ne6+ Ke7 67.
Nd4 Bd5 68. f6+ Kf7 69. Rg2 b3 70. Rg7+ Kf8 71. e6 a4 72. e7+ Ke8 73. Nf5 b2 74.
Nd6+ Kd7 75. e8=Q+ Kxd6 76. Qe7+ Kc6 77. Qc7+ Kb5 78.
Qb8+ Kc4 79. Qxb2 a3 80. Rc7+ Kd3 81. Qxa3+ Ke4 82. Qd6 Bf7 83. Re7+ Kf5 84. Qe5+ Kg6 85. Rxf7 Kxf7 86. Qe7+ Kg6 87. Qg7+ Kf5 88. f7 1-0

[Event "*** SCC Grand Prix: Titled Tuesday Blitz"]
[Site "Chess.com"]
[Date "2020.06.23"]
[Round "4"]
[White "Khvicha_Supatashvili"]
[Black "Matibar"]
[Result "1/2-1/2"]
[WhiteElo "2648"]
[BlackElo "2815"]
[TimeControl "180+1"]
[EndTime "10:41:52 PDT"]
[Termination "Game drawn by repetition"]

1. d4 f5 2. Nc3 d5 3. Bf4 a6 4. e3 Nf6 5. Nf3 e6 6. Bd3 Bd7 7.
O-O c5 8. dxc5 Bxc5 9. Ne2 Nc6 10. Ned4 O-O 11. c4 Kh8 12. a3 Qe7 13. b4 Ba7 14. b5 Nxd4 15. exd4 dxc4 16. Bxc4 Bxb5 17. Bxb5 axb5 18.
Qb3 Nd5 19. Be5 Qd7 20. Rfb1 Rfc8 21. h4 Bb6 22. h5 h6 23. Qd3 Rc3 24. Qd2 Kh7 25.
Qe2 Rcxa3 26. Rxa3 Rxa3 27. Qxb5 Qxb5 28. Rxb5 Ra1+ 29. Kh2 Ra7 30. g3 Kg8 31. Kg2 Kf7 32.
Bd6 Ke8 33. Be5 Kf7 34. Bd6 Ra5 35. Rb2 Ra6 36. Ne5+ Ke8 37. Nf3 Kd7 38. Be5 Nf6 39. Rc2 Bd8 40. Rb2 b6 41. Rb5 Ra5 42. Rb3 Bc7 43. Bxf6 gxf6 44. Nh4 b5 45. d5 Bd6 46. dxe6+ Kxe6 47. Re3+ Kf7 48. Nxf5 Bf8 49. Nd4 b4 50. Rb3 Rd5 51. Nc2 Rb5 52. g4 Rb8 53. Kf3 Ke6 54.
Ne3 Ke5 55. Ke2 Kd4 56. Rd3+ Kc5 57. Rd5+ Kc6 58. Rf5 b3 59. Rxf6+ Kc5 60. Nd1 b2 61. Nxb2 Rxb2+ 62. Kf3 Rb8 63. Rf5+ Kd6 64. Rf6+ Ke7 65. Rg6 Kf7 66. Kg2 Bg7 67. f4 Rh8 68. Kf3 Bf6 69. Ke4 Bg7 70. Kf5 Rb8 71. Ke4 Rb5 72.
Kf3 Rb4 73. Kg3 Rb3+ 74. Kg2 Rb2+ 75. Kf3 Rb1 76. Ke4 Rf1 77. Kf5 Rb1 78. Ke4 Rb4+ 79. Kf3 Ra4 80. Ke3 Bf8 81. Kf3 Bg7 82. Ke3 Ra3+ 83.
Ke4 Bf8 84. Kf5 Ra4 85. Ke5 Bg7+ 86. Kf5 Rb4 87. g5 Rb5+ 88. Kg4 hxg5 89. fxg5 Rb4+ 90. Kf5 Rb5+ 91. Kg4 Rb4+ 92. Kf5 Rb5+ 93. Kg4 1/2-1/2

[Event "*** SCC Grand Prix: Titled Tuesday Blitz"]
[Site "Chess.com"]
[Date "2020.06.23"]
[Round "4"]
[White "Reader777"]
[Black "Aleksey_Sorokin"]
[Result "1-0"]
[WhiteElo "2687"]
[BlackElo "2866"]
[TimeControl "180+1"]
[EndTime "10:41:55 PDT"]
[Termination "Reader777 won by resignation"]

1. d4 Nf6 2. c4 g6 3. g3 Bg7 4. Bg2 d5 5. cxd5 Nxd5 6. e4 Nb6 7. Ne2 c5 8. d5 e6 9. Nbc3 O-O 10. O-O Na6 11.
Nf4 e5 12. Nfe2 Bg4 13. f3 Bd7 14. b3 Rc8 15. Be3 f5 16. Qd2 Qf6 17. Rad1 Qd6 18.
a4 f4 19. Bf2 Nc7 20. a5 Nba8 21. Na4 b6 22. axb6 axb6 23. Nb2 b5 24. Rc1 Na6 25.
Rc2 Nb4 26. Rc3 Na6 27. Rfc1 Nb6 28. Ra1 Ra8 29. Nc1 Rfc8 30. Bf1 g5 31. g4 h6 32. Ra5 c4 33. bxc4 Qb4 34. Ra1 bxc4 35. Nd1 Bf8 36. Qb2 Ba4 37. Qxb4 Bxb4 38. Rxc4 Bxd1 39. Rxc8+ Nxc8 40. Rxa6 Rxa6 41. Bxa6 Nd6 42. Be2 Bc2 43. Nd3 Bxd3 44. Bxd3 Kf7 45. Kg2 Ke7 46. h4 Nf7 47.
hxg5 hxg5 48. Kf1 Kd6 49. Ke2 Bc5 50. Be1 Nd8 51. Ba5 Nb7 52. Bc3 Bd4 53. Bb4+ Bc5 54. Bd2 Bb6 55. Kd1 Ba5 56. Kc2 Bxd2 57. Kxd2 Kc5 58. Kc3 Nd6 59. Be2 Nf7 60. Bd3 Nd8 61. Be2 Nf7 62. Bd3 Nh8 63. Be2 Ng6 64. Bd1 Nh4 65.
Be2 Ng2 66. Bf1 Ne3 67. Be2 Ng2 68. Bf1 Nh4 69. Be2 Ng6 70. Bf1 Ne7 71. Be2 Nc8 72.
Ba6 Nb6 73. Be2 Nd7 74. Bd3 Nf6 75. Be2 Ne8 76. Bd3 Nc7 77. Be2 Na8 78. Bd3 Nb6 79. Be2 Kd6 80. Kb4 Nd7 81. Kb5 Nc5 82. Kc4 Na4 83. Kb4 Nb6 84. Kb5 Nd7 85. Kc4 Nf6 86. Kb5 Ng8 87. Kc4 Ne7 88. Kb5 Ng6 89. Kb6 Nh4 90.
Kb7 Ng2 91. Kc8 Ne3 92. Kd8 Nc2 93. Ke8 Nd4 94. Bd1 Nb5 95. Kf7 Nc3 96. Bc2 Ne2 97. Kf6 1-0

[Event "*** SCC Grand Prix: Titled Tuesday Blitz"]
[Site "Chess.com"]
[Date "2020.06.23"]
[Round "4"]
[White "crazy_but_lazy"]
[Black "Shankovskyi"]
[Result "1/2-1/2"]
[WhiteElo "2321"]
[BlackElo "2460"]
[TimeControl "180+1"]
[EndTime "10:41:59 PDT"]
[Termination "Game drawn by repetition"]

1. d4 Nf6 2. c4 g6 3. Nc3 d6 4. e4 Bg7 5. Nge2 O-O 6. Ng3 a6 7. Be2 Nbd7 8. Be3 e5 9. d5 Ne8 10. O-O f5 11. exf5 gxf5 12. f4 e4 13. Qd2 a5 14.
Rfd1 Nc5 15. Rac1 Bd7 16. b3 Qh4 17. Nf1 Nf6 18. Bd4 Kf7 19. g3 Qh6 20. Ne3 Rg8 21.
Ng2 Ng4 22. Bxg4 Bxd4+ 23. Qxd4 Rxg4 24. Rc2 Rag8 25. Ne2 b6 26. Rf1 Qh3 27. Nc1 h5 28. Ne3 h4 29. Nxg4 Qxg4 30. Rg2 Be8 31. a3 Ke7 32. b4 axb4 33. axb4 Nd7 34. Qd2 Bh5 35. gxh4 Qxg2+ 36. Qxg2 Rxg2+ 37. Kxg2 Nf6 38. h3 Kf7 39. Kf2 Bf3 40. Ke3 Bg2 41. Rg1 Bxh3 42. Kd4 Nh5 43. Ne2 Bg4 44. Ke3 Bxe2 45. Kxe2 Nxf4+ 46. Ke3 Nh3 47. Rh1 f4+ 48. Ke2 f3+ 49. Ke3 f2 50. Ke2 Nf4+ 51.
Kxf2 Nd3+ 52. Ke3 Nxb4 53. Kxe4 Na6 54. Rg1 Nc5+ 55. Kd4 Nb3+ 56. Ke3 Nc5 57. h5 Nd7 58. h6 Nf6 59. Rf1 Kg6 60. Rh1 Ng4+ 61. Kf4 Nxh6 62. Ke4 Kg7 63. Kf4 Kg6 64. Ke4 Nf7 65. Rg1+ Kf6 66.
Rf1+ Ke7 67. Rh1 Ng5+ 68. Kf5 Nf3 69. Rh7+ Kd8 70. Ke6 Nd4+ 71. Kf6 Nb3 72. Kf5 Nc5 73. Rh8+ Kd7 74. Rh7+ Kd8 75. Rh4 Kd7 76. Kf6 Nd3 77.
Rh7+ Kd8 78. Ke6 Nc5+ 79. Kf5 Kc8 80. Kf4 Nd7 81. Ke3 Ne5 82. Kd4 Nf3+ 83. Ke3 Ne5 84. Kd4 Nf3+ 85. Kc3 Ng5 86. Rg7 Nf3 87. Kb4 Ne5 88. Rh7 Kb7 89. Kb5 Nf3 90. Kb4 Nd4 91. Kc3 Nf3 92. Kd3 Ne5+ 93. Ke4 Kc8 94. Kd4 1/2-1/2

[Event "*** SCC Grand Prix: Titled Tuesday Blitz"]
[Site "Chess.com"]
[Date "2020.06.23"]
[Round "4"]
[White "ArjunErigaisi2003"]
[Black "vinniethepooh"]
[Result "1/2-1/2"]
[WhiteElo "2893"]
[BlackElo "2565"]
[TimeControl "180+1"]
[EndTime "10:43:20 PDT"]
[Termination "Game drawn by repetition"]

1. Nf3 d5 2. c4 c6 3. e3 Nf6 4. b3 e6 5. Bb2 Bd6 6. Qc2 O-O 7. g4 Nxg4 8. h3 Nf6 9. Rg1 Nbd7 10. Nc3 a6 11. O-O-O e5 12. Kb1 Re8 13. Ne2 Nf8 14. Ng3 Ng6 15. Nf5 e4 16. Nxd6 Qxd6 17. Nd4 Bd7 18. c5 Qe7 19. Be2 Ne5 20. Rg3 g6 21. Rdg1 a5 22. h4 h5 23. Rg5 Kh7 24. Nb5 Nfg4 25.
Nc7 Bf5 26. Nxa8 Rxa8 27. f4 Nd3 28. Rxf5 gxf5 29. Bxd3 exd3 30. Qxd3 Qe4 31. Kc2 a4 32. b4 Re8 33. Bd4 Kh6 34. Kc3 Qxd3+ 35. Kxd3 Kg6 36. a3 f6 37. b5 Kf7 38. Rb1 Re7 39.
bxc6 bxc6 40. Rb6 Rc7 41. Ra6 Ke6 42. Rxa4 Rb7 43. Rb4 Ra7 44. a4 Kd7 45. Kc3 Nf2 46. Kb3 Nd3 47. Rb6 Nc1+ 48. Kc2 Ne2 49. Kb3 Nc1+ 50. Kb4 Nd3+ 51. Kc3 Nf2 52. Kb3 Nd3 53. Bxf6 Nxc5+ 54. Kc2 Nxa4 55. Rb8 Nc5 56. Bd4 Ra2+ 57.
Kb1 Ra5 58. Rh8 Ne6 59. Rh7+ Kd6 60. Be5+ Kc5 61. Rxh5 Rb5+ 62. Kc2 Rb4 63. Rxf5 Ra4 64.
h5 Ra2+ 65. Kd1 Kc4 66. Ke2 Nc5 67. Rf6 Ne4 68. Rxc6+ Kb5 69. Rc8 Rxd2+ 70. Kf3 Rh2 71. Rb8+ Kc4 72. Kg4 Kd3 73. Bd4 Rg2+ 74. Kf5 Ng3+ 75.
Kg6 Ne2+ 76. Kf7 Nxd4 77. exd4 Kxd4 78. h6 Rh2 79. Kg6 Ke4 80. h7 Kxf4 81. Rf8+ Ke3 82. Re8+ Kd3 83. Re5 Rxh7 84. Kxh7 d4 85. Kg6 Kc2 86.
Rc5+ Kd2 87. Kf5 d3 88. Kf4 Ke2 89. Re5+ Kf2 90. Rd5 Ke2 91. Re5+ Kf2 92. Rh5 d2 93.
Rh2+ Ke1 94. Ke3 d1=N+ 95. Kf3 Nc3 96. Rc2 Nd1 97. Ra2 Nc3 98. Rh2 Nd1 99. Rc2 Kf1 100. Re2 Nc3 101. Re3 Nd1 102. Re4 Nc3 103. Rd4 Ke1 104. Rd3 Nd1 105. Rd8 Nc3 106. Rc8 Nd1 107. Rc2 Kf1 108. Rh2 Ke1 109. Rg2 Kf1 110. Ra2 Ke1 111. Rc2 1/2-1/2

[Event "*** SCC Grand Prix: Titled Tuesday Blitz"]
[Site "Chess.com"]
[Date "2020.06.23"]
[Round "5"]
[White "GadimbayliA"]
[Black "Igor_Lysyj"]
[Result "1/2-1/2"]
[WhiteElo "2874"]
[BlackElo "2761"]
[TimeControl "180+1"]
[EndTime "10:51:04 PDT"]
[Termination "Game drawn by agreement"]

1. e4 e5 2. Nf3 Nc6 3. Nc3 Nf6 4. d4 exd4 5. Nxd4 Bb4 6. Nxc6 bxc6 7. Bd3 O-O 8. O-O d5 9. exd5 cxd5 10. Bg5 c6 11.
Qf3 Bd6 12. Rae1 Rb8 13. Nd1 h6 14. Bxf6 Qxf6 15. Qxf6 gxf6 16. b3 f5 17. Ne3 f4 18.
Nf5 Bxf5 19. Bxf5 Kg7 1/2-1/2

[Event "*** SCC Grand Prix: Titled Tuesday Blitz"]
[Site "Chess.com"]
[Date "2020.06.23"]
[Round "5"]
[White "vinniethepooh"]
[Black "ChessWarrior7197"]
[Result "0-1"]
[WhiteElo "2563"]
[BlackElo "2905"]
[TimeControl "180+1"]
[EndTime "10:51:19 PDT"]
[Termination "ChessWarrior7197 won by resignation"]

1. d4 d5 2. c4 e6 3. Nc3 c5 4.
Nxd5 exd5 5. Nf3 dxc4 6. d5 Nf6 7.
e4 Nxe4 8. Bxc4 Be7 9. O-O O-O 10. Bf4 Bd6 11. Be3 Bg4 12. Qc2 Bxf3 13. gxf3 Qh4 14.
Rfe1 Qxh2+ 15. Kf1 Ng3+ 0-1

[Event "*** SCC Grand Prix: Titled Tuesday Blitz"]
[Site "Chess.com"]
[Date "2020.06.23"]
[Round "5"]
[White "Th3_Hound"]
[Black "Kopytkin"]
[Result "0-1"]
[WhiteElo "2538"]
[BlackElo "2406"]
[TimeControl "180+1"]
[EndTime "10:51:27 PDT"]
[Termination "Kopytkin won by resignation"]

1. e4 Nf6 2. e5 Nd5 3. d4 d6 4.
c4 Nb6 5. exd6 cxd6 6. Bd3 g6 7. Ne2 Bg7 8. Nbc3 O-O 9. O-O Nc6 10. Be3 Bg4 11. f3 Bf5 12. Rc1 Bxd3 13. Qxd3 Nb4 14.
Qb1 Nxc4 15. Bf4 e5 16. Ne4 Rc8 17. dxe5 dxe5 18. Rfd1 Qb6+ 19. Kh1 exf4 0-1

[Event "*** SCC Grand Prix: Titled Tuesday Blitz"]
[Site "Chess.com"]
[Date "2020.06.23"]
[Round "5"]
[White "serhanberat_ozdemir"]
[Black "124chess"]
[Result "0-1"]
[WhiteElo "2532"]
[BlackElo "2721"]
[TimeControl "180+1"]
[EndTime "10:51:42 PDT"]
[Termination "124chess won by resignation"]

1. e4 e6 2. d4 d5 3. Nd2 Nc6 4.
Ngf3 Nf6 5. e5 Nd7 6. Bb5 a6 7.
Bxc6 bxc6 8. c4 Bb7 9. O-O c5 10. cxd5 Bxd5 11. Re1 Be7 12. Ne4 O-O 13. Bg5 Bxe4 14.
Bxe7 Bxf3 15. Re4 Bxd1 16. Bxd8 Rfxd8 17. Rxd1 Nb6 18. dxc5 Rxd1+ 0-1

[Event "*** SCC Grand Prix: Titled Tuesday Blitz"]
[Site "Chess.com"]
[Date "2020.06.23"]
[Round "5"]
[White "Raffaello123"]
[Black "AGW2016"]
[Result "1-0"]
[WhiteElo "2498"]
[BlackElo "2241"]
[TimeControl "180+1"]
[EndTime "10:52:30 PDT"]
[Termination "Raffaello123 won by checkmate"]

1. e4 c5 2. Nf3 d6 3. d4 cxd4 4. Nxd4 Nf6 5. Nc3 Nc6 6. Bc4 e6 7. Be3 Be7 8. Bb3 O-O 9. Qe2 Bd7 10. O-O-O a6 11. Rhg1 Nxd4 12. Bxd4 Bc6 13. g4 b5 14. g5 Nd7 15. Rd3 b4 16. Bxg7 Kxg7 17.
Qh5 Rh8 18. Qh6+ Kg8 19. g6 hxg6 20. Rxg6+ fxg6 21. Bxe6# 1-0

[Event "*** SCC Grand Prix: Titled Tuesday Blitz"]
[Site "Chess.com"]
[Date "2020.06.23"]
[Round "5"]
[White "eCztery"]
[Black "GMTalks_Youtube"]
[Result "1-0"]
[WhiteElo "2382"]
[BlackElo "2675"]
[TimeControl "180+1"]
[EndTime "10:52:34 PDT"]
[Termination "eCztery won by resignation"]

1. e4 e5 2. Nf3 Nc6 3. d4 exd4 4. Nxd4 Bc5 5. Nb3 Bb6 6. Nc3 Nf6 7. Qe2 O-O 8. Be3 Re8 9. f3 d5 10. O-O-O d4 11.
Nb5 dxe3 12. Rxd8 Rxd8 13. Nc3 Re8 14. Na4 Rd8 15. Nxb6 Be6 16. Nxa8 Bxb3 17. axb3 1-0

[Event "*** SCC Grand Prix: Titled Tuesday Blitz"]
[Site "Chess.com"]
[Date "2020.06.23"]
[Round "5"]
[White "fabianvivasz"]
[Black "MuhittinBuker"]
[Result "1-0"]
[WhiteElo "2282"]
[BlackElo "1903"]
[TimeControl "180+1"]
[EndTime "10:52:53 PDT"]
[Termination "fabianvivasz won by resignation"]

1. e4 e5 2. Nf3 Nc6 3. d4 exd4 4. Bc4 Bc5 5. c3 d3 6. O-O Nge7 7. b4 Bb6 8. a4 a5 9. b5 Nb8 10. Ng5 d5 11. exd5 Nxd5 12. Nxf7 Kxf7 13. Qf3+ Qf6 14. Qh5+ Kf8 15. Qxd5 h6 16. Ba3+ Ke8 17. Re1+ 1-0